AoeStats
← Blasius

Migration

510113116Analyzed
1v1 RM · 3d ago on Sep 29, 2026· 41m 2s· 2 players
Game mode
Random Map
Map size
132×132
Population
200
Speed
Normal
Resources
Standard
Victory
Conquest
Starting age
Dark Age
Ending age
Imperial Age
RankedLock teamsTeams togetherTeam positionsShared explorationLock speedFull tech treeHidden civsTurbo modeCheats
Victory
Defeat
🇦🇷 Vikings · Argentina
1023
+17
🇦🇹 Bulgarians · Austria
1055
-17
ezeq1802
10:28 Feudal Age
11:11 Double-Bit Axe
18:17 Castle Age
16:55 Gold Mining
17:37 Fletching
22:27 Bodkin Arrow
24:45 Forging
28:27 Bow Saw
28:53 Town Watch
34:14 Stone Mining
35:23 Murder Holes
40:47 Imperial Age
37:58 Crossbowman
40:55 Scale Mail Armor
40:55 Padded Archer Armor
Blasius
0:39 Loom
12:21 Feudal Age
16:17 Castle Age
16:46 Fletching
17:43 Bodkin Arrow
19:01 Wheelbarrow
21:35 Forging
23:18 Iron Casting
28:32 Wheelbarrow
40:04 Ballistics
Connection lost

Rejoining the realm…

Still unreachable

The connection could not be restored.

Session expired

The server has moved on; the page needs a fresh start.